 Dungeon Crawl Stone Soup version 0.24.0-13-gcf9b319 (webtiles) character file.

Game seed: 17999003972867517943, levelgen mode: deterministic

2719 Fang the Skirmisher (level 9, -6/85 HPs)
             Began as a Gargoyle Berserker on Dec 13, 2019.
             Was an Elder of Trog.
             Mangled by Gastronok (30 damage)
             ... on level 8 of the Dungeon.
             The game lasted 00:06:56 (5855 turns).

Fang the Skirmisher (Gargoyle Berserker)            Turns: 5855, Time: 00:06:56

Health: -6/85      AC: 19    Str: 28    XL:     9   Next: 66%
Magic:  9/9        EV:  9    Int:  9    God:    Trog [****..]
Gold:   385        SH:  4    Dex:  4    Spells: 8/8 levels left

rFire    . . .     SeeInvis +   r - +4 war axe "Maymerot" {chop, rC++ Dex-5 Stlth+}
rCold    + + .     Gourm    .   B - +0 buckler
rNeg     + . .     Faith    .   b - +0 chain mail (curse)
rPois    ∞         Spirit   .   (no helmet)
rElec    +         Reflect  .   (no cloak)
rCorr    .         Harm     .   n - +1 pair of gloves
MR       .....                  (no boots)
Stlth    ..........             (no amulet)
HPRegen  0.24/turn              v - ring of see invisible
MPRegen  0.11/turn              (no ring)

@: berserking (expiring), marked, very quick
A: negative energy resistance 1, electricity resistance, unbreathing,
petrification resistance, rot immunity, AC +6
a: Berserk, Trog's Hand, Brothers in Arms, Renounce Religion


You were on level 8 of the Dungeon.
You worshipped Trog.
Trog was greatly pleased with you.
You were very hungry.

You visited 2 branches of the dungeon, and saw 9 of its levels.

You collected 385 gold pieces.

Inventory:

Hand Weapons
 a - a +0 war axe
 r - the +4 war axe "Maymerot" (weapon) {chop, rC++ Dex-5 Stlth+}
   (You found it on level 4 of the Dungeon)

   It inflicts extra damage upon your enemies.
   It affects your dexterity (-5).
   It greatly protects you from cold.
   It makes you more stealthy.
 s - a +1 vampiric hand axe
Armour
 b - a cursed +0 chain mail (worn)
 n - a +1 pair of gloves (worn)
 B - a +0 buckler (worn)
Jewellery
 v - a ring of see invisible (left hand)
 A - a +6 amulet of reflection {unknown}
Wands
 t - a wand of digging (11)
Scrolls
 f - 6 scrolls of teleportation {unknown}
 g - 9 scrolls of remove curse {unknown}
 i - 3 scrolls of enchant weapon {unknown}
 k - a scroll of blinking {unknown}
 o - 2 scrolls of fog {unknown}
 p - 5 scrolls of magic mapping {unknown}
 q - 3 scrolls of identify {unknown}
 u - a scroll of enchant armour {unknown}
 w - a scroll of noise {unknown}
 x - 2 scrolls of fear {unknown}
 y - a scroll of immolation {unknown}
Potions
 d - 3 potions of degeneration {unknown}
 e - 4 potions of heal wounds {unknown}
 h - 3 potions of curing {unknown}
 j - 3 potions of flight {unknown}
 l - 3 potions of mutation {unknown}
 m - 6 potions of agility {unknown}
 z - a potion of berserk rage {unknown}
 C - a potion of haste {unknown}
Comestibles
 c - 17 rations


   Skills:
 + Level 7.2 Fighting
 + Level 5.9 Axes
 + Level 6.7 Armour
 + Level 5.0 Dodging
 + Level 6.0 Shields


You had 8 spell levels left.
You didn't know any spells.
Your spell library was empty.

Dungeon Overview and Level Annotations

Branches:
Dungeon (8/15)             Temple (1/1) D:4
   Lair: D:8-11

Altars:
Ashenzari
Fedhas
Gozag
Makhleb
Okawaru
Ru
Sif Muna
Trog
Xom
Zin

Annotations:
D:8 Gastronok, Harold


Innate Abilities, Weirdness & Mutations

You are resistant to torment.
Your stone body is resilient. (AC +6)
You are immune to poison.
You resist negative energy. (rN+)
You are resistant to electric shocks. (rElec)
You can survive without breathing.
You are immune to petrification.
You are immune to rotting.


Message History

Gastronok is moderately wounded.
You barely miss Harold. You block Gastronok's attack.
You slash Gastronok!
Gastronok is heavily wounded.
You slash Harold!
You hear a howl!
You hear an angry growl.
You hear an angry hiss.
Harold hits you with a +0 halberd.
You slash Gastronok!
Gastronok is heavily wounded.
You hit Harold. Harold barely misses you.
Gastronok sloshes about.
Gastronok bites you but does no damage.
You slice Gastronok!!
Gastronok is severely wounded.
You hit Harold. Harold hits you with a +0 halberd!
* * * LOW HITPOINT WARNING * * *
You slice Gastronok!!
Gastronok is almost dead.
You slash Harold! Gastronok bites you!!
You die...

..##.. ......
#..... +....
#..#
#+#####..#####
#....<.......#
#.....@w.....#
#....(.@.....#
#............#
#.####.####..#
####.####(##
.#
#.......)..# #
#..........#
##.####..###
###.#####'#


You could see Gastronok and Harold.

Vanquished Creatures
  Pikel (D:7)
  Grinder (D:5)
  The ghost of Fang the Skirmisher, an amateur GrBe of Trog (D:5)
  Sigmund (D:2)
  A phantom (D:6)
  An ice beast (D:5)
  2 black bears (D:7)
  A sky beast (D:7)
  2 ogres
  2 centaurs
  A big kobold (D:7)
  2 bullfrogs
  3 howler monkeys
  4 crimson imps
  2 jellies (D:5)
  2 orc priests (D:7)
  3 orc wizards
  2 bullfrog skeletons
  An iguana (D:5)
  4 worker ants
  A hound skeleton (D:4)
  A worker ant zombie (D:5)
  3 gnolls (D:5)
  7 adders
  A shadow imp (D:7)
  A worm (D:2)
  2 dart slugs
  6 leopard geckos
  9 orcs
  A ball python (D:2)
  6 bats
  4 giant cockroaches
  8 goblins
  8 hobgoblins
  2 jackals (D:6)
  10 kobolds
  5 quokkas
  A ball python zombie (D:5)
  6 frilled lizards
  A quokka skeleton (D:4)
  11 rats
131 creatures vanquished.

Vanquished Creatures (others)
  A jelly (D:7)
1 creature vanquished.

Grand Total: 132 creatures vanquished

Notes
Turn   | Place    | Note
-------+----------+-------------------------------------------
     0 | D:1      | Fang the Gargoyle Berserker began the quest for the Orb.
     0 | D:1      | Reached XP level 1. HP: 14/14 MP: 1/1
   320 | D:1      | Reached XP level 2. HP: 12/19 MP: 2/2
   834 | D:2      | Reached XP level 3. HP: 23/23 MP: 3/3
   866 | D:2      | Reached ** piety under Trog
   890 | D:2      | Noticed Sigmund
   920 | D:2      | Killed Sigmund
   920 | D:2      | Reached skill level 4 in Fighting
   920 | D:2      | Reached XP level 4. HP: 20/29 MP: 4/4
   920 | D:2      | Reached XP level 5. HP: 23/33 MP: 5/5
  1124 | D:2      | You fall into a shaft and drop 1 floor!
  1366 | D:3      | Found a shimmering altar of Xom.
  1372 | D:3      | Found a shimmering altar of Xom.
  1372 | D:3      | Found a shimmering altar of Xom.
  1373 | D:3      | Found a shimmering altar of Xom.
  1373 | D:3      | Found a shimmering altar of Xom.
  1580 | D:3      | Reached XP level 6. HP: 38/39 MP: 6/6
  2002 | D:2      | You fall into a shaft and drop 1 floor!
  2607 | D:4      | Reached *** piety under Trog
  2777 | D:4      | Reached XP level 7. HP: 44/44 MP: 7/7
  2863 | D:4      | Found a staircase to the Ecumenical Temple.
  2925 | Temple   | Entered the Ecumenical Temple
  2936 | D:4      | Got an encrusted war axe
  2937 | D:4      | Identified the +4 war axe "Maymerot" {chop, rC++ Dex-5
                  | Stlth+} (You found it on level 4 of the Dungeon)
  2958 | D:4      | Found a shattered altar of Ashenzari.
  3394 | D:5      | Entered Level 5 of the Dungeon
  3424 | D:5      | Found a runed translucent door.
  3493 | D:5      | Found a sacrificial altar of Ru.
  3493 | D:5      | Found a blossoming altar of Fedhas.
  3557 | D:5      | Reached skill level 5 in Fighting
  3662 | D:5      | Noticed Grinder
  3683 | D:5      | Killed Grinder
  3705 | D:5      | Found a shimmering altar of Xom.
  3915 | D:5      | Reached XP level 8. HP: 41/50 MP: 8/8
  3978 | D:5      | Reached skill level 5 in Armour
  4232 | D:5      | Noticed Fang's ghost (amateur GrBe)
  4302 | D:5      | Killed Fang's ghost
  4395 | D:6      | Reached skill level 6 in Fighting
  4545 | D:6      | Reached skill level 5 in Axes
  4922 | D:6      | Reached **** piety under Trog
  4922 | D:6      | Reached skill level 5 in Shields
  4928 | D:6      | Reached XP level 9. HP: 46/56 MP: 9/9
  5083 | D:6      | Found a glowing silver altar of Zin.
  5084 | D:6      | Found an opulent altar of Gozag.
  5320 | D:7      | Found a shimmering blue altar of Sif Muna.
  5367 | D:7      | Found a bloodstained altar of Trog.
  5410 | D:7      | Noticed Pikel
  5431 | D:7      | Killed Pikel
  5431 | D:7      | Reached skill level 7 in Fighting
  5509 | D:7      | Reached skill level 5 in Dodging
  5556 | D:7      | Found a burning altar of Makhleb.
  5816 | D:8      | Noticed Harold
  5820 | D:8      | Noticed Gastronok
  5855 | D:8      | Mangled by Gastronok

Levels and vault maps discovered:
D:1:      dpeg_arrival_tiny_c, layout_rooms
D:2:      layout_loops_ring, uniq_sigmund
D:3:      layout_loops_ring, xom_redecorated
D:4:      layout_basic, nicolae_overflow_hidden_temple, kennysheep_mini,
          minmay_temple_entry_mist
D:5:      layout_cave_pods, grunt_temple_overflow_open, basic_altar,
          first_ration, gammafunk_ghost_grave, hangedman_glass_teeth,
          uniq_grinder
D:6:      layout_loops_ring, grunt_temple_overflow_gold_and_silver,
          abandoned_shop, minmay_a_box_with_orc_wizards_in_it
D:7:      layout_loops_ring, lightli_temple_of_fire, trog_ov_bears_minmay,
          basic_altar, uniq_pikel
D:8:      layout_gridville, gammafunk_temple_overflow_pools, old_standard_altar,
          uniq_harold, uniq_grum, uniq_gastronok
Temple:   minmay_temple_curvy_loop

Skill      XL: |  1  2  3  4  5  6  7  8  9 |
---------------+----------------------------+-----
Axes           | 3 4 5 |  5.9
Dodging        | 2 3 4 5 |  5.0
Fighting       | 4 5 6 7 |  7.2
Armour         | 3 4 5 6 |  6.7
Shields        | 2 3 5 6 |  6.0

Action                   |  1- 3 |  4- 6 |  7- 9 || total
-------------------------+-------+-------+-------++-------
Melee: Hand axe          |    79 |   249 |     9 ||   337
       War axe           |       |       |   207 ||   207
Invok: Berserk           |     1 |     1 |     3 ||     5
       Trog's Hand       |       |       |     1 ||     1
  Eat: Chunk             |       |     8 |    12 ||    20
Armor: Animal skin       |    10 |       |       ||    10
       Chain mail        |    28 |   164 |   167 ||   359
Dodge: Dodged            |    47 |   100 |   114 ||   261
Block: Buckler           |     4 |    46 |    46 ||    96
